 Dungeon Crawl Stone Soup version 0.30-a0-802-gb92711bcdf (webtiles) character file.

Game seed: 16240180360047023394

24 Hierobosch the Magician (level 3, -2/25 HPs)
             Began as a Djinni Fire Elementalist on Feb 24, 2023.
             Slain by Sigmund
             ... wielding a +3 scythe of protection
              (6 damage)
             ... on level 2 of the Dungeon.
             The game lasted 00:08:58 (575 turns).

Hierobosch the Magician (Djinni Fire Elementalist)   Turns: 575, Time: 00:08:59

Health: -2/25      AC:  2    Str:  7    XL:     3   Next: 15%
Gold:   39         EV: 12    Int: 18    God:
                   SH:  0    Dex: 13

rFire   + + .      SeeInvis .    l - +2 whip (elec)
rCold   x . .      Faith    .    (no shield)
rNeg    . . .      Spirit   .    a - +0 robe
rPois   ∞          Reflect  .    (no helmet)
rElec   .          Harm     .    (no cloak)
rCorr   .          Rampage  .    (no gloves)
Will    .....                    (boots unavailable)
Stlth   +                        (no amulet)
HPRegen 0.24/turn                (no ring)
MPRegen 0.00/turn                (no ring)

@: confused, flying
A: sickness immunity, fire resistance 2, cold vulnerability 1, float, innate
caster, HP casting, extra vitality 1
a: no special abilities


You were on level 2 of the Dungeon.
You visited 1 branch of the dungeon, and saw 2 of its levels.

You collected 39 gold pieces.

Inventory:

Hand Weapons
 c - a +0 mace
 f - a +0 whip
 l - a +2 whip of electrocution (weapon)
 m - a +4 sling
 p - a +0 whip of venom
Missiles
 b - 3 poisoned darts
 g - 6 stones
 q - 2 javelins
Armour
 a - a +0 robe (worn)
 d - a +0 leather armour
 e - +0 swamp dragon scales
 i - a +0 buckler
Scrolls
 h - a scroll of immolation {unknown}
 j - a scroll of teleportation {unknown}
 k - 2 scrolls of noise {unknown}
 o - a scroll of amnesia {unknown}
 r - a scroll of vulnerability {unknown}
Potions
 n - a potion of might {unknown}


   Skills:
 + Level 2.5 Dodging
 + Level 1.7 Stealth
 + Level 3.0 Spellcasting


You knew the following spells:

 Your Spells              Type           Power      Damage    Failure   Level
a - Foxfire               Conj/Fire      52%        2x1d6     4%          1
b - Scorch                Fire           26%        2d6       7%          2
c - Kindle Blastsparks    Fire/Tloc/Air  26%        2d12      14%         3
d - Inner Flame           Hex/Fire       13%        N/A       14%         3
e - Flame Wave            Conj/Fire      13%        2d6       43%         4
f - Sandblast             Erth           26%        2d8       4%          1
Your spell library was empty.

Dungeon Overview and Level Annotations

Branches:
Dungeon (2/15)

Altars:

Annotations:
D:2 Sigmund


Innate Abilities, Weirdness & Mutations

You are immune to sickness and miasma.
You are immune to poison.
Your flesh is very heat resistant. (rF++)
You are vulnerable to cold. (rC-)
You float through the air rather than walking.
You learn spells naturally, not from books.
Your magical power is your life essence.
You have superior vitality. (+4 MHP)


Message History

Found a club and a scroll labelled XUTA ETHOC.
Found a stone staircase leading down.
Your foxfire dissipates!
Casting: Foxfire (safe; 4% risk of failure)
Confirm with . or Enter, or press ? or * to list all spells.
You conjure some foxfire!
There is an open door here.
Sigmund casts a spell.
Sigmund flickers and vanishes!
Deactivating autopickup; reactivate with Ctrl-A.
There is an open door here.
Casting: Foxfire (safe; 4% risk of failure)
Confirm with . or Enter, or press ? or * to list all spells.
You conjure some foxfire!
The foxfire hits something but does no damage. x2
A puff of flame appears from out of thin air!
The puff of flame hits you. You resist.
There is an open door here.
There is an open door here.
Casting: Foxfire (safe; 4% risk of failure)
Confirm with . or Enter, or press ? or * to list all spells.
You conjure some foxfire!
Something hits you!
Your foxfire dissipates!
The foxfire hits something.
There is a stone staircase leading down here.
Casting: Foxfire (safe; 4% risk of failure)
Confirm with . or Enter, or press ? or * to list all spells.
You conjure some foxfire!
Casting: Foxfire (safe; 4% risk of failure)
Press: ? - help, Q - select action, (/) - cycle Dir - look around, f - activate You conjure some foxfire!
The foxfire hits something. x2; Something hits you but does no damage.
Your foxfire dissipates!
The foxfire hits something.
Something hits you!
* * * LOW HITPOINT WARNING * * *
You are confused.
You bump into the rock wall.
Something hits you.
You die...

## .## ##.## #...##
#....# ##..##
..###..@.###
.......{...#############
........>...............
.........................
............##.........#.
#########'####.####.####.
#.####.# #.# #. #......#
#.# #. #.###### #.# #.


There were no monsters in sight!

Vanquished Creatures
  2 bats (D:1)
  An endoplasm (D:1)
  3 giant cockroaches (D:1)
  4 goblins (D:1)
  3 hobgoblins
  3 kobolds (D:1)
  A ball python (D:1)
  2 frilled lizards (D:1)
  3 rats (D:1)
22 creatures vanquished.

Vanquished Creatures (others)
  52 foxfires
52 creatures vanquished.

Grand Total: 74 creatures vanquished

Notes
Turn   | Place    | Note
-------+----------+-------------------------------------------
     0 | D:1      | Hierobosch the Djinni Fire Elementalist began the quest for
                  | the Orb.
     0 | D:1      | Hierobosch set off with the following spells memorised:
                  | Foxfire, Scorch, Kindle Blastsparks, Inner Flame, Flame
                  | Wave.
     0 | D:1      | Reached XP level 1. HP: 15/15 MP: 0/0
    73 | D:1      | Reached XP level 2. HP: 19/21 MP: 0/0
   285 | D:1      | Reached skill level 3 in Spellcasting
   345 | D:1      | Reached XP level 3. HP: 23/25 MP: 0/0
   345 | D:1      | Learned a level 1 spell: Sandblast
   540 | D:2      | Noticed Sigmund
   575 | D:2      | Slain by Sigmund

Illustrated notes

Levels and vault maps discovered:
D:1:      dpeg_arrival_rhombus, layout_rooms, dreamdust_princess_corridor,
          hangedman_abyss_or_decor_stabs, skrybe_limestone_x
D:2:      layout_basic, kennysheep_jessica_study, uniq_robin, uniq_sigmund,
          uniq_natasha, uniq_crazy_yiuf_cottage

Skill      XL: |  1  2 |
---------------+-------+-----
Spellcasting   | 3 |  3.0
Dodging        | |  2.5
Stealth        | |  1.7

Action                     || total
---------------------------++-------
  Melee: Whip              ||     2
   Cast: Foxfire           ||    33
 Armour: Robe              ||     2
  Dodge: Dodged            ||     4

Table legend: (Time is in decaauts)
 A = Elapsed time spent in this place.
 B = Non-inter-level travel time spent in this place.
 C = Inter-level travel time spent in this place.
 D = Time resting spent in this place.
 E = Time spent auto-exploring this place.
 F = Levels seen in this place.
 G = Mean time per level.
                   A        B        C        D        E       F      G
               +--------+--------+--------+--------+--------+-----+--------+
         Total |    574 |    262 |    312 |      0 |      0 |   2 |  287.0 |
       Dungeon |    574 |    262 |    312 |      0 |      0 |   2 |  287.0 |
               +--------+--------+--------+--------+--------+-----+--------+

Top non-repeatable levels by time:
     D:1: 458 daAuts
     D:2: 115 daAuts
